| TOP OF THE 1ST |
|
Danville Braves batting - Pitching for Billings Mustangs : RHP Ryan Charles Jr.
|
|
Pitching: RHP Ryan Charles Jr.
|
|
|
Batting: RHB Danny Dimas
|
0-0: Foul Ball, location: 2F 0-1: Bunt missed! 0-2: Ball 1-2: Strikes out swinging
|
|
Batting: LHB Mitsujiro Tanaka
|
0-0: Swinging Strike 0-1: Ball 1-1: Ball 2-1: Foul Ball, location: 2F 2-2: Ball 3-2: Fly out, F6 (Popup, 6M, EV 76.9 MPH)
|
|
Batting: LHB Ivan Castillo
|
0-0: Ball 1-0: Ball 2-0: Foul Ball, location: 2F 2-1: Ground out 1-3 (Groundball, 13S, EV 75.0 MPH)
|
| Top of the 1st over - 0 runs, 0 hits, 0 errors, 0 left on base; Danville 0 - Billings 0 |
| BOTTOM OF THE 1ST |
|
Billings Mustangs batting - Pitching for Danville Braves : RHP Pu-la Yun
|
|
Pitching: RHP Pu-la Yun
|
|
|
Batting: RHB Alex de Leon
|
0-0: Ball 1-0: Called Strike 1-1: Ball 2-1: Foul Ball, location: 2F 2-2: Ball 3-2: DOUBLE (Flyball, 8RXD, EV 90.0 MPH)
|
|
Batting: RHB Alex Juarez
|
0-0: Foul Ball, location: 2F 0-1: Ball 1-1: Foul Ball, location: 2F 1-2: Ball 2-2: Strikes out looking
|
|
Batting: SHB David Garnica
|
0-0: Swinging Strike 0-1: Swinging Strike 0-2: Foul Ball, location: 2F 0-2: Ball 1-2: Ball 2-2: Ball 3-2: SINGLE (Flyball, 7LM, EV 94.4 MPH) Alex de Leon to third Runner from 3rd tries for Home, throw by LF and OUT! 7-2 David Garnica to second
|
|
Batting: RHB Alex Villagomez
|
0-0: Ground out 6-3 (Groundball, 6, EV 105.6 MPH)
|
| Bottom of the 1st over - 0 runs, 2 hits, 0 errors, 1 left on base; Danville 0 - Billings 0 |
| TOP OF THE 2ND |
|
Danville Braves batting - Pitching for Billings Mustangs : RHP Ryan Charles Jr.
|
|
Batting: RHB Carlos Livas
|
0-0: Ball 1-0: Ball 2-0: Fly out, F9 (Flyball, 9LD, EV 98.8 MPH)
|
|
Batting: RHB Rodolfo Cosme
|
0-0: Ball 1-0: Foul Ball, location: 2F 1-1: Ball 2-1: Called Strike 2-2: Ball 3-2: Strikes out looking
|
|
Batting: RHB Roberto Rios
|
0-0: Foul Ball, location: 2F 0-1: Foul Ball, location: 2F 0-2: Strikes out swinging
|
| Top of the 2nd over - 0 runs, 0 hits, 0 errors, 0 left on base; Danville 0 - Billings 0 |
| BOTTOM OF THE 2ND |
|
Billings Mustangs batting - Pitching for Danville Braves : RHP Pu-la Yun
|
|
Batting: RHB Ben Burkholder
|
0-0: Called Strike 0-1: SOLO HOME RUN (Flyball, 8RXD, EV 99.4 MPH), Distance : 418 ft
|
|
Batting: RHB Gabriel Arias
|
0-0: Ball 1-0: Ball 2-0: Called Strike 2-1: Ball 3-1: Base on Balls
|
|
Batting: RHB Will Trudeau
|
0-0: Called Strike 0-1: Foul Ball, location: 2F 0-2: Foul Ball, location: 2F 0-2: Strikes out swinging
|
|
Batting: RHB Omar Garce
|
0-0: Ball 1-0: Foul Ball, location: 2F 1-1: Foul Ball, location: 2F 1-2: Fly out, F9 (Flyball, 9LM, EV 73.8 MPH)
|
|
Batting: LHB Jose Cruz
|
0-0: Called Strike 0-1: Ball 1-1: Fly out, F8 (Flyball, 8RM, EV 77.5 MPH)
|
| Bottom of the 2nd over - 1 run, 1 hit, 0 errors, 1 left on base; Danville 0 - Billings 1 |
| TOP OF THE 3RD |
|
Danville Braves batting - Pitching for Billings Mustangs : RHP Ryan Charles Jr.
|
|
Batting: RHB Paul Holland
|
0-0: Ball 1-0: Ball 2-0: Called Strike 2-1: Swinging Strike 2-2: Ball 3-2: Foul Ball, location: 2F 3-2: Strikes out looking
|
|
Batting: RHB Richard Saquic
|
0-0: Called Strike 0-1: Foul Ball, location: 2F 0-2: Foul Ball, location: 2F 0-2: Ball 1-2: Strikes out swinging
|
|
Batting: RHB Mennad Maalik
|
0-0: Called Strike 0-1: Called Strike 0-2: Ball 1-2: Ground out 5-3 (Groundball, 5, EV 86.2 MPH)
|
| Top of the 3rd over - 0 runs, 0 hits, 0 errors, 0 left on base; Danville 0 - Billings 1 |
| BOTTOM OF THE 3RD |
|
Billings Mustangs batting - Pitching for Danville Braves : RHP Pu-la Yun
|
|
Batting: RHB Alex de Leon
|
0-0: Ball 1-0: Ball 2-0: Ball 3-0: Base on Balls
|
|
Batting: RHB Alex Juarez
|
0-0: Ball 1-0: Foul Ball, location: 2F 1-1: Ball 2-1: Swinging Strike 2-2: Ball 3-2: Fielders Choice at 2nd, 3-6 (Groundball, 3S, EV 89.4 MPH)
|
|
Batting: SHB David Garnica
|
0-0: Ball 1-0: DOUBLE (Groundball, 5L, EV 106.9 MPH) Alex Juarez to third
|
|
Batting: RHB Alex Villagomez
|
0-0: Called Strike 0-1: SINGLE (Flyball, 9LS, EV 88.1 MPH) Alex Juarez scores David Garnica to third
|
|
Batting: RHB Ben Burkholder
|
0-0: Grounds into double play, 4-6-3 (Groundball, 4, EV 100.6 MPH)
|
| Bottom of the 3rd over - 1 run, 2 hits, 0 errors, 1 left on base; Danville 0 - Billings 2 |
| TOP OF THE 4TH |
|
Danville Braves batting - Pitching for Billings Mustangs : RHP Ryan Charles Jr.
|
|
Batting: RHB Danny Dimas
|
0-0: Ball 1-0: Called Strike 1-1: Foul Ball, location: 2F 1-2: Foul Ball, location: 2F 1-2: Foul Ball, location: 2F 1-2: Strikes out swinging
|
|
Batting: LHB Mitsujiro Tanaka
|
0-0: Ball 1-0: Foul Ball, location: 2F 1-1: Swinging Strike 1-2: Strikes out looking
|
|
Batting: LHB Ivan Castillo
|
0-0: Ball 1-0: Foul Ball, location: 2F 1-1: Ball 2-1: Foul Ball, location: 2F 2-2: Ball 3-2: Strikes out swinging
|
| Top of the 4th over - 0 runs, 0 hits, 0 errors, 0 left on base; Danville 0 - Billings 2 |
| BOTTOM OF THE 4TH |
|
Billings Mustangs batting - Pitching for Danville Braves : RHP Pu-la Yun
|
|
Batting: RHB Gabriel Arias
|
0-0: Ball 1-0: Ball 2-0: Ball 3-0: Called Strike 3-1: Base on Balls
|
|
Batting: RHB Will Trudeau
|
0-0: Ball 1-0: Grounds into double play, 5-4-3 (Groundball, 56, EV 86.2 MPH)
|
|
Batting: RHB Omar Garce
|
0-0: Swinging Strike 0-1: Ball 1-1: Swinging Strike 1-2: Ball 2-2: Foul Ball, location: 2F 2-2: TRIPLE (Flyball, 9LD, EV 98.8 MPH)
|
|
Batting: LHB Jose Cruz
|
0-0: Called Strike 0-1: Ground out 6-3 (Groundball, 6, EV 86.2 MPH)
|
| Bottom of the 4th over - 0 runs, 1 hit, 0 errors, 1 left on base; Danville 0 - Billings 2 |
| TOP OF THE 5TH |
|
Danville Braves batting - Pitching for Billings Mustangs : RHP Ryan Charles Jr.
|
|
Batting: RHB Carlos Livas
|
0-0: Called Strike 0-1: Foul Ball, location: 2F 0-2: Ball 1-2: Ball 2-2: Foul Ball, location: 2F 2-2: Ball 3-2: Foul Ball, location: 2F 3-2: Base on Balls
|
|
Batting: RHB Rodolfo Cosme
|
0-0: Called Strike Carlos Livas steals 2nd base 0-1: Ball 1-1: Ball 2-1: Ball 3-1: Foul Ball, location: 2F 3-2: Base on Balls
|
|
Batting: RHB Roberto Rios
|
0-0: Ball Rodolfo Cosme is caught stealing 2nd base 2-4 Carlos Livas advances to 3rd base 1-0: Called Strike 1-1: Ball 2-1: Ball 3-1: Swinging Strike 3-2: Strikes out swinging
|
|
Pitching: RHP Cortez Restrepo
|
|
|
Batting: RHB Paul Holland
|
0-0: SINGLE (Groundball, 6S, EV 74.4 MPH) (infield hit) Carlos Livas scores
|
|
Batting: RHB Richard Saquic
|
0-0: Ball 1-0: Ground out 4-3 (Groundball, 34, EV 107.5 MPH)
|
| Top of the 5th over - 1 run, 1 hit, 0 errors, 1 left on base; Danville 1 - Billings 2 |
| BOTTOM OF THE 5TH |
|
Billings Mustangs batting - Pitching for Danville Braves : RHP Pu-la Yun
|
|
Batting: RHB Alex de Leon
|
0-0: Called Strike 0-1: Ball 1-1: Ball 2-1: Ground out 6-3 (Groundball, 56D, EV 100.6 MPH)
|
|
Batting: RHB Alex Juarez
|
0-0: Called Strike 0-1: Swinging Strike 0-2: Ball 1-2: Foul Ball, location: 2F 1-2: Ball 2-2: Strikes out swinging
|
|
Batting: SHB David Garnica
|
0-0: Foul Ball, location: 2F 0-1: Swinging Strike 0-2: Foul Ball, location: 2F 0-2: Foul Ball, location: 2F 0-2: Foul Ball, location: 2F 0-2: Ball 1-2: Foul Ball, location: 2F 1-2: SINGLE (Line Drive, 89S, EV 95.6 MPH)
|
|
Batting: RHB Alex Villagomez
|
0-0: Swinging Strike 0-1: Ball 1-1: Ball David Garnica is caught stealing 2nd base 2-4
|
| Bottom of the 5th over - 0 runs, 1 hit, 0 errors, 0 left on base; Danville 1 - Billings 2 |
| TOP OF THE 6TH |
|
Danville Braves batting - Pitching for Billings Mustangs : RHP Cortez Restrepo
|
|
Pinch Hitting: RHB Vicente Guillen
|
0-0: Ball 1-0: TRIPLE (Flyball, 89XD, EV 106.9 MPH)
|
|
Batting: RHB Danny Dimas
|
0-0: Swinging Strike 0-1: Called Strike 0-2: Strikes out swinging
|
|
Batting: LHB Mitsujiro Tanaka
|
0-0: Called Strike 0-1: Swinging Strike 0-2: Strikes out swinging
|
|
Batting: LHB Ivan Castillo
|
0-0: Foul Ball, location: 2F 0-1: Ball 1-1: Ball 2-1: Swinging Strike 2-2: Ball 3-2: 2-RUN HOME RUN (Flyball, 9D, EV 98.1 MPH), Distance : 372 ft
|
|
Batting: RHB Carlos Livas
|
0-0: Fly out, F2 (Popup, 2R, EV 93.8 MPH)
|
| Top of the 6th over - 2 runs, 2 hits, 0 errors, 0 left on base; Danville 3 - Billings 2 |
| BOTTOM OF THE 6TH |
|
Billings Mustangs batting - Pitching for Danville Braves : RHP Pu-la Yun
|
|
Now in LF: James Anderson
|
|
|
Batting: RHB Alex Villagomez
|
0-0: Called Strike 0-1: Called Strike 0-2: Ground out 1-3 (Groundball, 13S, EV 72.5 MPH)
|
|
Batting: RHB Ben Burkholder
|
0-0: Called Strike 0-1: Foul Ball, location: 2F 0-2: Foul Ball, location: 2F 0-2: Ball 1-2: Ball 2-2: Ball 3-2: Reached on error, E5 (Groundball, 56S, EV 90.6 MPH)
|
|
Batting: RHB Gabriel Arias
|
0-0: Called Strike 0-1: Grounds into double play, 4-6-3 (Groundball, 4, EV 97.5 MPH)
|
| Bottom of the 6th over - 0 runs, 0 hits, 1 error, 0 left on base; Danville 3 - Billings 2 |
| TOP OF THE 7TH |
|
Danville Braves batting - Pitching for Billings Mustangs : RHP Cortez Restrepo
|
|
Batting: RHB Rodolfo Cosme
|
0-0: Ball 1-0: Ball 2-0: Ball 3-0: Called Strike 3-1: Foul Ball, location: 2F 3-2: Foul Ball, location: 2F 3-2: Foul Ball, location: 2F 3-2: Fly out, F5 (Popup, 56, EV 60.0 MPH)
|
|
Batting: RHB Roberto Rios
|
0-0: Foul Ball, location: 2F 0-1: Called Strike 0-2: Ground out 5-3 (Groundball, 56S, EV 90.0 MPH)
|
|
Batting: RHB Paul Holland
|
0-0: Ball 1-0: Ground out 2-3 (Groundball, 13S, EV 68.8 MPH)
|
| Top of the 7th over - 0 runs, 0 hits, 0 errors, 0 left on base; Danville 3 - Billings 2 |
| BOTTOM OF THE 7TH |
|
Billings Mustangs batting - Pitching for Danville Braves : RHP Pu-la Yun
|
|
Pinch Hitting: SHB Gustavo Froio
|
0-0: Ball 1-0: Swinging Strike 1-1: Foul Ball, location: 2F 1-2: Ground out 3-1 (Groundball, 3L, EV 109.4 MPH)
|
|
Pinch Hitting: RHB Jay Harrison
|
0-0: Swinging Strike 0-1: Ball 1-1: DOUBLE (Flyball, 8LD, EV 93.1 MPH)
|
|
Pitching: RHP Jason Barber
|
|
|
Batting: LHB Jose Cruz
|
0-0: Ball 1-0: Ground out 1-3 (Groundball, 15S, EV 67.5 MPH)
|
|
Batting: RHB Alex de Leon
|
0-0: Ball 1-0: Ball 2-0: Foul Ball, location: 2F 2-1: Foul Ball, location: 2F 2-2: DOUBLE (Flyball, 89XD, EV 114.4 MPH) Jay Harrison scores
|
|
Batting: RHB Alex Juarez
|
0-0: Ball 1-0: Foul Ball, location: 2F 1-1: Ball 2-1: Foul Ball, location: 2F 2-2: Strikes out looking
|
| Bottom of the 7th over - 1 run, 2 hits, 0 errors, 1 left on base; Danville 3 - Billings 3 |
| TOP OF THE 8TH |
|
Danville Braves batting - Pitching for Billings Mustangs : RHP Cortez Restrepo
|
|
Now at 1B: Jay Harrison
|
|
|
Now in LF: Martin Koka
|
|
|
Now in CF: David Garnica
|
|
|
Batting: RHB Richard Saquic
|
0-0: Ball 1-0: Ball 2-0: Foul Ball, location: 2F 2-1: Ball 3-1: Base on Balls
|
|
Pinch Hitting: LHB Diego Garcia
|
0-0: Called Strike Richard Saquic steals 2nd base 0-1: Ball 1-1: Intentional Walk
|
|
Batting: RHB Danny Dimas
|
0-0: Fielders Choice at 2nd, 4-6 (Groundball, 34, EV 80.6 MPH) Richard Saquic to third
|
|
Batting: LHB Mitsujiro Tanaka
|
0-0: Called Strike Danny Dimas steals 2nd base 0-1: Swinging Strike 0-2: Ball 1-2: Strikes out swinging
|
|
Pitching: RHP Jeff Buchanan
|
|
|
Batting: LHB Ivan Castillo
|
0-0: Ball 1-0: Ball 2-0: Ball 3-0: Called Strike 3-1: Base on Balls
|
|
Batting: RHB Carlos Livas
|
0-0: Reached on error, E3 (Groundball, 3L, EV 106.9 MPH) Richard Saquic scores Danny Dimas to third Ivan Castillo to second
|
|
Batting: RHB Rodolfo Cosme
|
0-0: Ball 1-0: Called Strike 1-1: Swinging Strike 1-2: Foul Ball, location: 2F 1-2: Strikes out looking
|
| Top of the 8th over - 1 run, 0 hits, 1 error, 3 left on base; Danville 4 - Billings 3 |
| BOTTOM OF THE 8TH |
|
Billings Mustangs batting - Pitching for Danville Braves : RHP Jason Barber
|
|
Now in LF: Aaron Sartini
|
|
|
Batting: SHB David Garnica
|
0-0: Ball 1-0: Swinging Strike 1-1: Foul Ball, location: 2F 1-2: Strikes out swinging
|
|
Batting: RHB Alex Villagomez
|
0-0: Ball 1-0: Fly out, F8 (Flyball, 89M, EV 79.4 MPH)
|
|
Batting: RHB Ben Burkholder
|
0-0: Called Strike 0-1: Called Strike 0-2: Strikes out looking
|
| Bottom of the 8th over - 0 runs, 0 hits, 0 errors, 0 left on base; Danville 4 - Billings 3 |
| TOP OF THE 9TH |
|
Danville Braves batting - Pitching for Billings Mustangs : RHP Jeff Buchanan
|
|
Batting: RHB Roberto Rios
|
0-0: Ball 1-0: Ball 2-0: Fly out, F8 (Flyball, 8LD, EV 83.1 MPH)
|
|
Batting: RHB Paul Holland
|
0-0: Foul Ball, location: 2F 0-1: Called Strike 0-2: Foul Ball, location: 2F 0-2: Ball 1-2: Strikes out swinging
|
|
Batting: RHB Richard Saquic
|
0-0: Called Strike 0-1: Swinging Strike 0-2: Ball 1-2: Ball 2-2: Ball 3-2: Ground out 4-3 (Groundball, 4S, EV 88.1 MPH)
|
| Top of the 9th over - 0 runs, 0 hits, 0 errors, 0 left on base; Danville 4 - Billings 3 |
| BOTTOM OF THE 9TH |
|
Billings Mustangs batting - Pitching for Danville Braves : RHP Jason Barber
|
|
Pitching: RHP Outa Tamura
|
|
|
Batting: RHB Gabriel Arias
|
0-0: Foul Ball, location: 2F 0-1: Foul Ball, location: 2F 0-2: Foul Ball, location: 2F 0-2: Ball 1-2: Foul Ball, location: 2F 1-2: Strikes out swinging
|
|
Pinch Hitting: RHB Kevin Larner
|
0-0: Ball 1-0: Called Strike 1-1: Called Strike 1-2: Foul Ball, location: 2F 1-2: Foul Ball, location: 2F 1-2: DOUBLE (Flyball, 9LD, EV 101.9 MPH)
|
|
Batting: RHB Jay Harrison
|
0-0: Fly out, F4 (Popup, 34, EV 73.8 MPH)
|
|
Pinch Hitting: RHB Ch'ang-chieh Hsia
|
0-0: Swinging Strike 0-1: Ball 1-1: Ball Wild Pitch! Kevin Larner to third 2-1: Called Strike 2-2: Strikes out swinging
|
| Bottom of the 9th over - 0 runs, 1 hit, 0 errors, 1 left on base; Danville 4 - Billings 3 |
|